AoeStats
← [DasRotePferd] Melkfett Jizzus

Arena

509207308Analyzed
1v1 RM · 8d ago on Sep 25, 2026· 45m 32s· 2 players
Game mode
Random Map
Map size
Tiny (2 player)
Population
200
Speed
Normal
Resources
Standard
Victory
Conquest
Starting age
Dark Age
Ending age
Imperial Age
RankedLock teamsTeams togetherTeam positionsShared explorationLock speedFull tech treeHidden civsTurbo modeCheats
Victory
Defeat
566
+13
🇦🇺 Britons · Australia
491
-13
Assyrian KIng
2:41 Loom
10:16 Feudal Age
11:37 Wheelbarrow
10:50 Double-Bit Axe
15:02 Gold Mining
15:49 Horse Collar
23:25 Castle Age
21:53 Stone Mining
22:20 Forging
22:10 Scale Mail Armor
22:33 Fletching
22:44 Padded Archer Armor
23:48 Pikeman
24:28 Squires
24:53 Bow Saw
29:50 Gold Shaft Mining
29:36 Hand Cart
30:58 Iron Casting
31:20 Heavy Plow
32:55 Husbandry
33:27 Chain Mail Armor
34:11 Loom
36:42 Scale Barding Armor
36:53 Leather Archer Armor
37:01 Bodkin Arrow
38:57 Ballistics
38:45 Siphons
38:58 Fortified Wall
40:16 Elite Skirmisher
48:10 Imperial Age
[DasRotePferd] Melkfett Jizzus
6:12 Double-Bit Axe
12:00 Feudal Age
12:11 Gold Mining
12:08 Horse Collar
12:52 Bow Saw
13:27 Gold Shaft Mining
12:56 Heavy Plow
18:32 Wheelbarrow
19:37 Hand Cart
20:42 Stone Mining
21:58 Stone Shaft Mining
21:50 Forging
21:41 Scale Mail Armor
21:46 Scale Barding Armor
21:42 Padded Archer Armor
21:32 Fletching
21:30 Arson
24:06 Castle Age
21:57 Loom
26:10 Two-Man Saw
25:42 Crop Rotation
25:52 Iron Casting
25:33 Chain Mail Armor
25:38 Chain Barding Armor
25:34 Leather Archer Armor
26:56 Elite Skirmisher
26:57 Crossbowman
27:00 Light Cavalry
27:53 Pikeman
28:33 Squires
29:41 Husbandry
36:41 Imperial Age
35:57 Burgundian Vineyards
35:59 Town Watch
36:13 Bodkin Arrow
38:28 Blast Furnace
37:59 Plate Mail Armor
37:54 Town Patrol
38:51 Plate Mail Armor
38:57 Plate Barding Armor
38:19 Hussar
39:05 Bracer
40:46 Conscription
39:52 Halberdier
42:17 Chemistry
Connection lost

Rejoining the realm…

Still unreachable

The connection could not be restored.

Session expired

The server has moved on; the page needs a fresh start.